 Dungeon Crawl Stone Soup version 0.17.1-1-g73c8601 (webtiles) character file.

1198 Andry07 the Skirmisher (level 8, -8/46 HPs)
             Began as a Vine Stalker Fighter on Dec 31, 2015.
             Was an Initiate of the Shining One.
             Mangled by an orc warrior
             ... wielding a +0 battleaxe
              (13 damage)
             ... on level 7 of the Dungeon.
             The game lasted 00:14:20 (4630 turns).

Andry07 the Skirmisher (Vine Stalker Fighter)       Turns: 4630, Time: 00:14:21

Health: -8/46      AC:  7    Str: 25    XL:     8   Next: 44%
Magic:  0/9        EV:  7    Int:  8    God:    the Shining One [......]
Gold:   322        SH: 10    Dex: 14    Spells: 0 memorised, 7 levels left

rFire  . . .     SeeInvis .     K - +4 rapier
rCold  . . .     Clarity  .     b - +0 scale mail
rNeg   . . .     SustAt   .     c - +0 shield
rPois  +         Gourm    .     (no helmet)
rElec  .         Spirit   +     (no cloak)
rCorr  .         Warding  .     (no gloves)
rMut   .         Stasis   .     (no boots)
MR     ++...                    (no amulet)
Stlth  ..........               s - ring of protection from magic
                                w - ring of poison resistance

@: mighty, very resistant to hostile enchantments, extremely unstealthy
A: fangs 3, hooves 1, rough black scales 1, blink, deformed body, sense
surroundings 1, regeneration 2, magic shield, antimagic bite, no device heal 3,
rot immunity
a: Blink, Renounce Religion


You were on level 7 of the Dungeon.
You worshipped the Shining One.
The Shining One was noncommittal.
You were not hungry.

You visited 2 branches of the dungeon, and saw 8 of its levels.

You collected 322 gold pieces.

Inventory:

Hand Weapons
 a - a +0 long sword
 C - the +4 hand axe "Fylel" {venom, *Confuse rC+++ MP-9 Str+3}
   (You found it on level 4 of the Dungeon)

   It poisons the flesh of those it strikes.
   It affects your strength (+3).
   It renders you almost immune to cold.
   It affects your magic capacity (-9).
   It may confuse you when you take damage.
   The Shining One disapproves of the use of such an item.
 K - a +4 rapier (weapon)
Missiles
 H - 5 javelins (quivered)
 J - 9 tomahawks
Armour
 b - a +0 scale mail (worn)
 c - a +0 shield (worn)
Jewellery
 o - an uncursed ring of stealth
 s - a ring of protection from magic (right hand)
 u - an uncursed ring of see invisible
 w - a ring of poison resistance (left hand)
Wands
 z - a wand of lightning (10)
Scrolls
 f - 3 scrolls of teleportation {unknown}
 j - a scroll of remove curse {unknown}
 k - a scroll of immolation {unknown}
 p - a scroll of blinking {unknown}
 r - 2 scrolls of enchant weapon {unknown}
 v - 2 scrolls of noise {unknown}
 y - a scroll of fog {unknown}
 B - 4 scrolls of identify {unknown}
 D - a scroll of vulnerability {unknown}
 E - 3 scrolls of random uselessness {unknown}
 G - a scroll of amnesia {unknown}
Potions
 h - 3 potions of curing {unknown}
 l - a potion of cancellation {unknown}
 m - a potion of haste {unknown}
 n - a potion of invisibility {unknown}
 q - a potion of brilliance {unknown}
 x - 2 potions of ambrosia {unknown}
 A - a potion of heal wounds {unknown}
 F - a potion of flight {unknown}
 L - a potion of poison {unknown}
Comestibles
 e - 2 bread rations
 g - 3 meat rations
 i - a beef jerky
 t - 6 chunks of flesh


   Skills:
 * Level 7.0 Fighting
 + Level 4.7 Long Blades
 - Level 2.4 Armour
 + Level 5.1 Shields


You had 7 spell levels left.
You didn't know any spells.

Dungeon Overview and Level Annotations

Branches:
Dungeon (7/15)             Temple (1/1) D:6

Altars:
Cheibriados
Dithmenos
Elyvilon
Fedhas
Gozag
Kikubaaqudgha
Makhleb
Nemelex Xobeh
Ru
Trog
Vehumet
Xom
Yredelemnul
The Shining One

Shops:
D:6 %=(


Innate Abilities, Weirdness & Mutations

You have razor-sharp teeth.
You heal very quickly.
When hurt, damage is shared between your health and your magic reserves.
Your bite disrupts and absorbs the magic of your enemies.
Potions and wands cannot restore your health.
You are immune to rotting.
You have large cloven feet.
You are partially covered in rough black scales (AC +4, Dex -1).
You can translocate small distances at will.
Armour fits poorly on your strangely shaped body.
You passively map a small area around you.


Message History

* * * LOW HITPOINT WARNING * * *
The orc hits you but does no damage.
The giant gecko bites you but does no damage.
The orc hits you but does no damage. The orc warrior closely misses you.
You block the orc's attack. The orc hits you.
* * * LOW HITPOINT WARNING * * *
You closely miss the orc warrior. Your kick misses the orc warrior.
The orc warrior is moderately wounded.
The orc hits you with a hand axe.
* * * LOW HITPOINT WARNING * * *
The giant gecko bites you but does no damage.
You block the orc's attack. The orc barely misses you.
The orc hits you but does no damage.
You hit the orc warrior. Your kick misses the orc warrior.
You bite the orc warrior! You drain its power.
You feel invigorated.
The orc warrior is severely wounded.
The giant gecko bites you.
* * * LOW HITPOINT WARNING * * *
The orc warrior hits you with a battleaxe!!
You die...

* ##....<.## ,
........ * **
#......# ##
#...[..#..#
#..........
##..........
#####..ooo..# ,
,.......l@o(.+_+
* ####..o...##
##$##### . *
#######..####.#
*
...............
,
......P.P......
....<..._...####
#### ,
#.##.#.P.P.##
...#
#....#.....#####
##)..*


You could see an orc warrior, 4 orcs and a giant gecko.

Vanquished Creatures
  Eustachio (D:6)
  An ice beast (D:7)
  A sky beast (D:6)
  A centaur (D:5)
  2 giant frogs (D:6)
  The ghost of Andry07 the Shield-Bearer, an amateur VSFi (D:3)
  2 scorpions
  An iron imp (D:2)
  3 hounds (D:6)
  2 orc wizards (D:6)
  A worker ant (D:4)
  Robin (D:4)
  A worker ant zombie (D:5)
  6 gnolls
  10 adders
  3 oozes
  An adder zombie (D:7)
  2 worms
  7 orcs
  5 giant cockroaches
  11 goblins
  10 hobgoblins
  8 jackals
  A quokka (D:5)
  10 ball pythons
  6 bats
  3 giant geckos
  8 giant newts
  A jackal skeleton (D:4)
  7 kobolds
  5 rats
122 creatures vanquished.

Notes
Turn   | Place    | Note
--------------------------------------------------------------
     0 | D:1      | Andry07 the Vine Stalker Fighter began the quest for the Orb.
     0 | D:1      | Reached XP level 1. HP: 11/11 MP: 2/2
   158 | D:1      | Reached skill level 3 in Fighting
   213 | D:1      | Reached XP level 2. HP: 16/16 MP: 3/3
   677 | D:2      | Reached XP level 3. HP: 20/20 MP: 4/4
   923 | D:2      | Found a burning altar of Makhleb.
   934 | D:2      | Reached XP level 4. HP: 23/25 MP: 5/5
  1246 | D:2      | Found a sparkling altar of Nemelex Xobeh.
  1377 | D:2      | Reached skill level 4 in Fighting
  1379 | D:2      | Reached XP level 5. HP: 29/29 MP: 6/6
  1384 | D:2      | Found a shimmering altar of Xom.
  1688 | D:3      | Noticed Andry07's ghost (amateur VSFi)
  1770 | D:3      | Killed Andry07's ghost
  2294 | D:3      | Gained mutation: You heal very quickly. [Vine Stalker growth]
  2294 | D:3      | Reached XP level 6. HP: 30/34 MP: 7/7
  2752 | D:4      | Got an ancient leather armour
  2763 | D:4      | Identified the +0 leather armour "Kaschal" {-Tele +Inv rN+ Str+3} (You found it on level 4 of the Dungeon)
  2854 | D:4      | Got a slimy hand axe
  2855 | D:4      | Identified the +4 hand axe "Fylel" {venom, *Confuse rC+++ MP-9 Str+3} (You found it on level 4 of the Dungeon)
  3022 | D:4      | Reached skill level 5 in Fighting
  3047 | D:4      | Found an ancient bone altar of Kikubaaqudgha.
  3047 | D:4      | Noticed Robin
  3057 | D:4      | Killed Robin
  3179 | D:5      | Entered Level 5 of the Dungeon
  3179 | D:5      | Found a white marble altar of Elyvilon.
  3193 | D:5      | Found a shadowy altar of Dithmenos.
  3230 | D:5      | Reached XP level 7. HP: 39/39 MP: 8/8
  3565 | D:6      | Found a burning altar of Makhleb.
  3643 | D:6      | Noticed Eustachio
  3711 | D:6      | Found Nesat's Weapon Shop.
  3718 | D:6      | Killed Eustachio
  3718 | D:6      | Reached skill level 6 in Fighting
  3778 | D:6      | Found Adujad's Food Shop.
  3813 | D:6      | Found Hageasay's Jewellery Shoppe.
  3849 | D:6      | Gained mutation: You have razor-sharp teeth. [Vine Stalker growth]
  3849 | D:6      | Reached XP level 8. HP: 34/45 MP: 9/9
  3853 | D:6      | Gained mutation: You have large cloven feet. [mutagenic meat]
  3854 | D:6      | Gained mutation: You can translocate small distances at will. [mutagenic meat]
  3855 | D:6      | Gained mutation: Armour fits poorly on your strangely shaped body. [mutagenic meat]
  3856 | D:6      | Gained mutation: You passively map a small area around you. [mutagenic meat]
  3857 | D:6      | Gained mutation: You are partially covered in rough black scales (AC +4, Dex -1). [mutagenic meat]
  3864 | D:6      | Found a sacrificial altar of Ru.
  3948 | D:6      | Found a staircase to the Ecumenical Temple.
  3972 | Temple   | Entered the Ecumenical Temple
  4261 | D:6      | Reached skill level 5 in Shields
  4578 | D:7      | Found a glowing golden altar of the Shining One.
  4581 | D:7      | Became a worshipper of the Shining One
  4594 | D:7      | Found a basalt altar of Yredelemnul.
  4624 | D:7      | Reached skill level 7 in Fighting
  4630 | D:7      | Mangled by an orc warrior

Action                   |  1- 3 |  4- 6 |  7- 9 || total
-------------------------+-------+-------+-------++-------
Melee: Long sword        |    83 |   220 |    59 ||   362
       Rapier            |       |       |    90 ||    90
 Abil: Blink             |       |       |     1 ||     1
  Use: Potion            |       |       |     1 ||     1
  Eat: Chunk             |       |     8 |     9 ||    17
       Fruit             |       |       |     1 ||     1
